 Seeded DCSS version 0.27-a0-951-gae3e1deef5 (webtiles) character file.

Game seed: 20210412 (custom seed)

85 Snicker the Sneak (level 4, -1/33 HPs)
             Began as a Demonspawn Brigand on Apr 12, 2021.
             Succumbed to an orc's poison
             ... on level 3 of the Dungeon.
             The game lasted 00:04:04 (1527 turns).

Snicker the Sneak (Demonspawn Brigand)              Turns: 1527, Time: 00:04:05

Health: -1/33      AC: 11    Str:  9 (12) XL:     4   Next: 25%
Magic:  4/4        EV: 10    Int: 11 (12) God:
Gold:   25         SH:  0    Dex: 14 (15) Spells: 3/3 levels left

rFire    . . .     SeeInvis .   a - +2 dagger
rCold    . . .     Faith    .   (no shield)
rNeg     . . .     Spirit   .   g - +3 ring mail
rPois    .         Reflect  .   (no helmet)
rElec    .         Harm     .   c - +0 cloak
rCorr    .         Rampage  .   (no gloves)
Will     .....                  (no boots)
Stlth    ++........             (no amulet)
HPRegen  0.11/turn              (no ring)
MPRegen  0.09/turn              (no ring)

@: lethally poisoned (-1 -> -45)
A: slimy green scales 1
a: no special abilities


You were on level 3 of the Dungeon.
You visited 1 branch of the dungeon, and saw 3 of its levels.

You collected 25 gold pieces.

Inventory:

Hand Weapons
 a - a +2 dagger (weapon)
Missiles
 d - 8 poisoned darts (quivered)
Armour
 b - a +0 robe
 c - a +0 cloak (worn)
 f - a +0 leather armour
 g - a +3 ring mail (worn)
Scrolls
 h - a scroll of enchant armour {unknown}
 i - a scroll of teleportation {unknown}
 j - 2 scrolls of fog {unknown}
Potions
 l - a potion of might {unknown}


   Skills:
 + Level 2.1 Fighting
 * Level 2.9 Short Blades
 + Level 1.7 Throwing
 + Level 0.6 Armour
 + Level 1.0 Dodging
 * Level 4.5 Stealth


You had 3 spell levels left.
You didn't know any spells.
Your spell library contained the following spells:

 Spells                   Type           Power      Damage    Failure   Level
 Animate Skeleton         Necr           0%         N/A       69%         1
 Apportation              Tloc           0%         N/A       69%         1
 Corona                   Hex            0%         N/A       69%         1
 Summon Small Mammal      Summ           0%         N/A       69%         1


Dungeon Overview and Level Annotations

Branches:
Dungeon (2/15)

Altars:


Innate Abilities, Weirdness & Mutations

You are partially covered in slimy green scales. (AC +2)


Message History

An orc comes into view. It is wielding a +2 dagger of venom.
The orc shouts!
You hit the orc but do no damage.
The orc is almost dead.
The orc closely misses you.
You hit the orc.
You kill the orc!
The orc hits you with a +0 dagger.
Items here: )) [[.
You closely miss the orc.
The orc drinks a potion.
The orc goes berserk!
The orc hits you but does no damage.
You hit the orc.
The orc is heavily wounded.
You closely miss the orc. The orc hits you but does no damage.
You are poisoned.
You barely miss the orc.
You feel sick. The orc hits you but does no damage.
You are more poisoned.
You closely miss the orc.
You feel very sick.
The orc hits you with a +2 dagger of venom.
You are lethally poisoned!
You hit the orc.
The orc is moderately wounded.
You feel very sick. The orc closely misses you.
Throw: dart (curare)
Press: ? - help, Q - select action, (/) - cycle Shift-Dir - straight line, f - orc
Aim: an orc, wielding a +2 dagger of venom (moderately wounded, berserk, 59% to hit)
You throw a curare-tipped dart.
The curare-tipped dart closely misses the orc.
You feel very sick.
The orc hits you with a +2 dagger of venom.
You are more poisoned.
The orc hits you with a +2 dagger of venom.
* * * LOW HITPOINT WARNING * * *
You are more poisoned.
It was a potion of degeneration.
There was something very wrong with that liquid.
You feel weakened.
You feel dopey.
You feel clumsy.
You die...

.# #.# #.# #.#
##### #.#
#.####...# #.#
#ooo@..#.#######.#
#.####.......)...#
###########.##
#..# ##.## #..#
##.## ##.#####..#
..........#


You could see 3 orcs.

Vanquished Creatures
  An orc priest (D:3)
  An adder (D:3)
  A worm (D:2)
  A dart slug (D:1)
  2 orcs (D:3)
  2 endoplasms
  3 giant cockroaches (D:1)
  2 goblins
  A hobgoblin (D:2)
  7 jackals
  A ball python (D:1)
  6 bats
  2 frilled lizards (D:1)
  4 kobolds
  6 rats
40 creatures vanquished.

Vanquished Creatures (others)
  2 plants (D:1)
2 creatures vanquished.

Grand Total: 42 creatures vanquished

Notes
Turn   | Place    | Note
-------+----------+-------------------------------------------
     0 | D:1      | Snicker the Demonspawn Brigand began the quest for the Orb.
     0 | D:1      | Reached XP level 1. HP: 16/16 MP: 1/1
   128 | D:1      | Reached skill level 4 in Stealth
   284 | D:1      | Gained mutation: You are partially covered in slimy green
                  | scales. (AC +2) [demonic ancestry]
   284 | D:1      | Reached XP level 2. HP: 22/22 MP: 2/2
   781 | D:2      | Reached XP level 3. HP: 26/27 MP: 3/3
   915 | D:2      | Reached skill level 1 in Dodging
  1054 | D:2      | You fall into a shaft and drop 1 floor!
  1508 | D:3      | Reached XP level 4. HP: 30/33 MP: 4/4
  1527 | D:3      | Succumbed to an orc's poison

Illustrated notes

Levels and vault maps discovered:
D:1:      shiori_arrival_oz, layout_basic, serial_bayou_pond_d
D:2:      layout_basic, uniq_crazy_yiuf_cottage, uniq_terence
D:3:      minmay_wonky_spiral, layout_loops_ring, roderic_lattice_a,
          serial_park_tiny_2

Skill      XL: |  1  2  3 |
---------------+----------+-----
Stealth        | 4 |  4.5
Short Blades   | 2 |  2.9
Dodging        | 1 |  1.0
Fighting       | |  2.1
Throwing       | |  1.7
Armour         | |  0.6

Action                   |  1- 3 |  4- 6 || total
-------------------------+-------+-------++-------
Melee: Dagger            |   171 |    17 ||   188
Throw: Dart              |     1 |     1 ||     2
  Use: Potion            |       |     1 ||     1
 Stab: Sleeping          |     2 |       ||     2
Armor: Ring mail         |   103 |     9 ||   112
Dodge: Dodged            |   117 |     4 ||   121

Table legend: (Time is in decaauts)
 A = Elapsed time spent in this place.
 B = Non-inter-level travel time spent in this place.
 C = Inter-level travel time spent in this place.
 D = Time resting spent in this place.
 E = Time spent auto-exploring this place.
 F = Levels seen in this place.
 G = Mean time per level.
                   A        B        C        D        E       F      G
               +--------+--------+--------+--------+--------+-----+--------+
         Total |   1510 |   1503 |      7 |    378 |    719 |   3 |  503.3 |
       Dungeon |   1510 |   1503 |      7 |    378 |    719 |   3 |  503.3 |
               +--------+--------+--------+--------+--------+-----+--------+

Top non-repeatable levels by time:
     D:1: 725 daAuts
     D:3: 467 daAuts
     D:2: 317 daAuts
